[Event "Late-Titled-Tuesday-Blitz-September-05-2023"]
[Site "Chess.com"]
[Date "2023.09.05"]
[Round "5"]
[White "Rud_Makarian"]
[Black "Hamisandwich"]
[Result "1-0"]
[WhiteElo "2951"]
[BlackElo "2663"]
[TimeControl "180+1"]
[EndTime "14:57:03 PDT"]
[Termination "Rud_Makarian won by resignation"]

1. d4 d5 2. c4 e6 3. Nf3 Nf6 4. Nc3 Be7 5. Bf4 O-O 6. e3 c5 7. dxc5 Bxc5 8. Qc2 Nc6 9. a3 Qa5 10. Rd1 Ne4 11. cxd5 Nxc3 12. bxc3 exd5 13. Bd3 h6 14. O-O Be6 15. Nd4 Rac8 16. Nxe6 fxe6 17. a4 Be7 18. Qb3 Qb6 19. Qxb6 axb6 20. c4 e5 21. Bg3 d4 22. exd4 exd4 23. Be4 Bc5 24. Rfe1 Kh8 25. h4 Ra8 26. Ra1 Ra7 27. Kh2 Rfa8 28. Bd5 Nb4 29. Re6 Nxd5 30. cxd5 Rd8 31. d6 Raa8 32. Be5 Rd7 33.
Rxh6+ Kg8 34. Rg6 Rad8 35. Rd1 Bxd6 36. Rxd6 Rxd6 37. Bxd6 Rxd6 38. Kg3 d3 39. Kf3 Rd4 40. g3 d2 41. Ke3 Rxa4 42. Rxd2 Ra3+ 43. Rd3 Ra5 44.
Rd8+ Kh7 45. Rd7 Re5+ 46. Kf4 Re6 47. Rxb7 Rf6+ 48. Ke3 Rc6 49. g4 Kg6 50. f3 Kf6 51. Kf4 g6 52. Kg3 Ke5 53. g5 Rd6 54. f4+ Kd5 55. Kg4 Rc6 56. Rd7+ Ke6 57. Rg7 Kd5 58. h5 gxh5+ 59. Kxh5 Ke4 60. Kg4 b5 61. Re7+ Kd5 62. f5 b4 63. Rb7 Rc4+ 64. Kh5 Kc5 65. f6 Rf4 66. Kg6 Kc6 67. Rb8 Kc7 68.
Rxb4 Rxb4 69. f7 Rf4 70. Kg7 Kd6 71. f8=Q+ Rxf8 72. Kxf8 1-0

[Event "Late-Titled-Tuesday-Blitz-September-05-2023"]
[Site "Chess.com"]
[Date "2023.09.05"]
[Round "5"]
[White "GrigorGrigorov"]
[Black "The_Machine04"]
[Result "1-0"]
[WhiteElo "2872"]
[BlackElo "2607"]
[TimeControl "180+1"]
[EndTime "14:57:04 PDT"]
[Termination "GrigorGrigorov won on time"]

1. d4 d6 2. Nf3 Nf6 3. Bg5 Nbd7 4. Nbd2 e5 5. c3 Be7 6. e4 h6 7. Bh4 c6 8. Bd3 Qc7 9. O-O Nf8 10. Re1 Ng6 11. Bg3 O-O 12. Nc4 Nd7 13. a4 Re8 14. Qc2 Bf8 15. Rad1 Nf6 16. Ne3 Nh5 17. dxe5 dxe5 18.
Bc4 Nxg3 19. hxg3 a6 20. b4 b5 21. Bb3 Be6 22. Nf5 Bxb3 23. Qxb3 Rad8 24. Nh2 Ne7 25.
Ng4 h5 26. Nge3 g6 27. Nh4 Bh6 28. Nf1 Rxd1 29. Rxd1 Rd8 30. Nf3 Rxd1 31. Qxd1 Nc8 32. a5 Bg7 33. Qd3 Qd6 34. Qc2 c5 35. N1d2 Ne7 36.
bxc5 Qxc5 37. Nb3 Qa3 38. Nfd2 Nc6 39. Qd3 Bf8 40. Qd5 Nxa5 41. Nxa5 Qxa5 42. Qxe5 Qa1+ 43. Kh2 b4 44. Nf3 Qxc3 45. Qd5 b3 46. Ne5 Qc7 47.
Nxg6 1-0

[Event "Late-Titled-Tuesday-Blitz-September-05-2023"]
[Site "Chess.com"]
[Date "2023.09.05"]
[Round "5"]
[White "Perecke"]
[Black "Rodalquilar"]
[Result "1-0"]
[WhiteElo "2494"]
[BlackElo "2761"]
[TimeControl "180+1"]
[EndTime "14:57:04 PDT"]
[Termination "Perecke won on time"]

1. e4 d5 2. exd5 Qxd5 3. Nc3 Qa5 4. Bc4 Nf6 5. d3 Bg4 6. Ne2 Nc6 7. Bd2 Qh5 8. f3 Bd7 9. Nf4 Qe5+ 10. Qe2 Qxe2+ 11. Ncxe2 e6 12. Be3 O-O-O 13. O-O-O Be8 14. d4 Nd5 15. Nxd5 exd5 16. Bb3 Na5 17. Nf4 Nxb3+ 18. axb3 h5 19. h4 g6 20. Nd3 Be7 21. Bg5 f6 22. Rde1 Rh7 23. Rxe7 Rxe7 24. Bxf6 Re6 25. Bxd8 Kxd8 26. Nf4 Ra6 27. Kd2 Bf7 28. Re1 Ra2 29. Kc3 Ra6 30. Re5 Rd6 31. Kd2 Kd7 32. g4 hxg4 33. fxg4 Rf6 34.
Ke3 Rc6 35. c3 Rd6 36. b4 a6 37. h5 gxh5 38. gxh5 b6 39. Kf3 a5 40. b5 c6 41.
bxc6+ Kxc6 42. Kg4 a4 43. Kg5 Kb5 44. h6 Bg8 45.
Nh5 Kc4 46. Nf6 Rd8 47. Kg6 Kb3 48. Re2 b5 49. Kg7 a3 50. bxa3 Kxc3 51. Nxg8 Kxd4 52.
h7 Rd7+ 53. Ne7 Kd3 54. Re6 Rd8 55. Ng8 Rd7+ 56. Re7 1-0

[Event "Late-Titled-Tuesday-Blitz-September-05-2023"]
[Site "Chess.com"]
[Date "2023.09.05"]
[Round "5"]
[White "Goryachkina"]
[Black "jefferyx"]
[Result "1/2-1/2"]
[WhiteElo "2672"]
[BlackElo "3018"]
[TimeControl "180+1"]
[EndTime "14:57:05 PDT"]
[Termination "Game drawn by repetition"]

1. e4 e6 2. d4 d5 3. Nc3 Bb4 4. exd5 exd5 5. Bd3 Nf6 6. Ne2 O-O 7. O-O Re8 8. Bf4 c6 9. a3 Bd6 10. Bxd6 Qxd6 11. Ng3 Be6 12. h3 Nbd7 13. Qf3 Nf8 14. Rae1 Ng6 15. Bxg6 hxg6 16. Nd1 b6 17. Ne3 c5 18. c3 cxd4 19. cxd4 Rac8 20. Ng4 Nxg4 21. hxg4 Rc2 22. Re2 Rec8 23. Rfe1 Qd8 24. Nf1 R2c4 25.
Rd2 Rc2 26. Rde2 b5 27. Ne3 Rc1 28. Qg3 a5 29. f4 Qf6 30. Qf2 Qxd4 31. f5 gxf5 32.
gxf5 Bd7 33. Rd2 Qe4 34. f6 Rxe1+ 35. Qxe1 Re8 36. Re2 d4 37. Qg3 Qg6 38. Qd6 Bg4 39. Nxg4 Rxe2 40. Qb8+ Kh7 41. Qh2+ Kg8 42. Qb8+ Kh7 43.
Qh2+ Kg8 44. Qb8+ 1/2-1/2

[Event "Late-Titled-Tuesday-Blitz-September-05-2023"]
[Site "Chess.com"]
[Date "2023.09.05"]
[Round "5"]
[White "Matibar"]
[Black "BillieKimbah"]
[Result "0-1"]
[WhiteElo "2888"]
[BlackElo "3047"]
[TimeControl "180+1"]
[EndTime "14:57:09 PDT"]
[Termination "BillieKimbah won by resignation"]

1. e4 e5 2. Nf3 Nc6 3. Bb5 a6 4. Ba4 Nf6 5. Nc3 Bb4 6. Bxc6 dxc6 7. d3 Qe7 8. O-O Bg4 9. h3 Bh5 10. a3 Bd6 11. b4 O-O-O 12. Qe2 Rhg8 13. Qe3 Kb8 14. Nd2 g5 15. Nc4 Bg6 16. Rb1 h5 17. Na5 g4 18. h4 Nd7 19. g3 f5 20. a4 f4 21. Qe1 Nb6 22. Na2 Rgf8 23. c4 Qf7 24.
Nc3 Be7 25. c5 Rxd3 26. cxb6 cxb6 27. b5 fxg3 28. fxg3 Qxf1+ 29. Qxf1 Bc5+ 30. Kg2 Rxf1 31. Kxf1 Rxc3 32. Bb2 Rf3+ 33. Ke1 bxa5 34. Bxe5+ Kc8 35. b6 Bxe4 36. Rd1 Re3+ 37. Kf1 Rd3 38. Re1 Re3 39.
Rd1 Bd5 40. Bf4 Rf3+ 41. Ke2 Bxb6 42. Kd2 Bc7 43. Bxc7 Kxc7 44. Re1 Rxg3 45. Re7+ Kb6 46. Rh7 Rg2+ 47. Ke3 g3 48. Kf4 Rg1 49. Rxh5 g2 50. Rg5 Rf1+ 0-1

[Event "Late-Titled-Tuesday-Blitz-September-05-2023"]
[Site "Chess.com"]
[Date "2023.09.05"]
[Round "5"]
[White "Too_Stupid_To_Play"]
[Black "Langua_Chess"]
[Result "1-0"]
[WhiteElo "2276"]
[BlackElo "2481"]
[TimeControl "180+1"]
[EndTime "14:57:10 PDT"]
[Termination "Too_Stupid_To_Play won on time"]

1. d4 d5 2. Bf4 c5 3. e3 cxd4 4. exd4 Nc6 5. Nf3 Bf5 6. Bd3 Bxd3 7. Qxd3 e6 8. O-O Bd6 9. Ne5 Nge7 10. Nd2 Qc7 11. Ndf3 O-O 12. c3 Na5 13. Bg3 Nf5 14. Rae1 a6 15. Nd2 b5 16. b4 Nxg3 17. fxg3 Nc6 18.
Nxc6 Qxc6 19. Nb3 Qc4 20. Re3 Rac8 21. Qxc4 dxc4 22. Nc5 Bxc5 23. dxc5 Rfd8 24. Rfe1 Rd7 25. R1e2 g6 26. Kf2 h5 27. h4 Kg7 28. Kf3 Rd1 29. g4 Rf1+ 30. Kg3 hxg4 31. Kxg4 Rc6 32. g3 Rc7 33. Kh3 Rc1 34. Kg2 Rd7 35. Kf3 Rdd1 36.
Ke4 Rf1 37. Ke5 Rf5+ 38. Kd6 Rd5+ 39. Kc6 Rd3 40. Kb6 Rcxc3 41. Rxd3 cxd3 42. Rd2 Ra3 43. c6 Rc3 44. c7 e5 45. Rxd3 1-0

[Event "Late-Titled-Tuesday-Blitz-September-05-2023"]
[Site "Chess.com"]
[Date "2023.09.05"]
[Round "5"]
[White "EsmeraldasAnderson03"]
[Black "szachuspl"]
[Result "0-1"]
[WhiteElo "2407"]
[BlackElo "2546"]
[TimeControl "180+1"]
[EndTime "14:57:11 PDT"]
[Termination "szachuspl won on time"]

1. d4 Nf6 2. Nf3 g6 3. Bf4 Bg7 4. h3 O-O 5. e3 d6 6. Bh2 Nbd7 7. Be2 b6 8. O-O Bb7 9. c4 c5 10. Nc3 a6 11. Re1 h6 12. Bf1 Ne4 13. Nd2 Nxf2 14.
Kxf2 cxd4 15. exd4 Bxd4+ 16. Ke2 Rc8 17. Nf3 Bg7 18. Kf2 Qc7 19. Kg1 Nf6 20. Kh1 Rfe8 21. Bg1 Bc6 22. Qb3 Rb8 23. Nd5 Qb7 24. Nxb6 Nh5 25.
Bf2 Nf4 26. Kg1 Nxh3+ 27. gxh3 Bxf3 28. a4 a5 29. Qb5 Bc6 30. Qxa5 Bxb2 31. Rab1 Bf6 32.
Qd2 Bg5 33. Be3 Bxe3+ 34. Qxe3 Qa7 35. Qxh6 Rxb6 36. Qe3 Ra6 37. c5 Qxc5 38. Bxa6 Qh5 39.
Bf1 Bxa4 40. Bg2 Bd7 41. Qf2 Be6 42. Re3 Bf5 43. Rbe1 e6 44. Rg3 Rd8 45. Qf4 d5 46. Qg5 Qxg5 47. Rxg5 Kg7 48. h4 Kf6 49. Rg3 d4 50.
Bh3 e5 51. Rf3 Ke6 52. Bg2 Bg4 53. Ra3 d3 54. Ra5 f6 0-1

[Event "Late-Titled-Tuesday-Blitz-September-05-2023"]
[Site "Chess.com"]
[Date "2023.09.05"]
[Round "5"]
[White "Tsyhanchuk_Stanislav"]
[Black "SCIM"]
[Result "0-1"]
[WhiteElo "2425"]
[BlackElo "2583"]
[TimeControl "180+1"]
[EndTime "14:57:13 PDT"]
[Termination "SCIM won by checkmate"]

1. e4 c5 2. c4 Nc6 3. Nc3 g6 4. g3 Bg7 5. Bg2 d6 6. Nge2 Nf6 7. a3 O-O 8. Rb1 a5 9. O-O Ne8 10. b3 Nc7 11. Bb2 Ne6 12. Nb5 Ned4 13. Nbxd4 Nxd4 14. Bxd4 cxd4 15. d3 Bd7 16. f4 Bc6 17. f5 Qd7 18. g4 Be5 19. Ng3 b5 20. Qc2 bxc4 21. bxc4 Rab8 22. Qd2 a4 23. Rb4 Rxb4 24. Qxb4 Qc7 25.
Rb1 Kg7 26. Qb6 Qd7 27. Ne2 gxf5 28. Nxd4 Bxd4+ 29. Qxd4+ e5 30. Qe3 f4 31. Qe2 Qc7 32. Qb2 Bd7 33. Qb6 Qxb6+ 34. Rxb6 Bxg4 35. Rxd6 Rb8 36. h3 Rb1+ 37. Kh2 Bh5 38. c5 Rb2 39. c6 f3 40. c7 Rxg2+ 41. Kh1 Rc2 42. Rd5 Rxc7 43. Rxe5 Rc1+ 44. Kh2 f2 45. Rg5+ Kh6 46. Rf5 f1=Q 47. Rxf1 Rxf1 48. Kg3 Ra1 49. Kf4 Rxa3 50. d4 Rd3 51. d5 a3 52. Ke5 a2 53. d6 a1=Q+ 54.
Kf5 Bg6+ 55. Kg4 Qe5 56. h4 Qh5+ 57. Kf4 Qxh4+ 58. Ke5 Qg3+ 59. Kf6 Qxd6# 0-1

[Event "Late-Titled-Tuesday-Blitz-September-05-2023"]
[Site "Chess.com"]
[Date "2023.09.05"]
[Round "5"]
[White "Sanan_Sjugirov"]
[Black "Firouzja2003"]
[Result "0-1"]
[WhiteElo "2903"]
[BlackElo "3127"]
[TimeControl "180+1"]
[EndTime "14:57:14 PDT"]
[Termination "Firouzja2003 won on time"]

1. Nf3 Nf6 2. e3 g6 3. b3 Bg7 4. Bb2 O-O 5. d4 d6 6. Be2 Nbd7 7. O-O c6 8. c4 Re8 9. Nc3 e5 10.
Qc2 Nf8 11. Rfd1 e4 12. Nd2 Bf5 13. b4 h5 14. b5 N8h7 15. Bf1 a6 16. bxc6 bxc6 17.
Rdb1 d5 18. Ba3 h4 19. h3 g5 20. Qa4 Re6 21. Ne2 Bh6 22. Qb4 g4 23. Qb6 g3 24.
Qxd8+ Rxd8 25. Rb6 a5 26. Rab1 Nh5 27. Rb8 Rxb8 28.
Rxb8+ Kg7 29. Nb3 Rf6 30. Be7 gxf2+ 31. Kxf2 dxc4 32. Nc5 Ng3 33. Bxf6+ Nxf6 34. Nxg3 hxg3+ 35. Kxg3 Bxe3 36. Bxc4 Bxd4 37. Na6 Be5+ 38. Kf2 Bxb8 39. Nxb8 c5 40. Nc6 a4 41. Ke3 Be6 42. Bb5 a3 43. g4 Bxa2 44. g5 Nd5+ 45. Kd2 Bb3 46. Kc1 Nc3 47. Bf1 e3 0-1

[Event "Late-Titled-Tuesday-Blitz-September-05-2023"]
[Site "Chess.com"]
[Date "2023.09.05"]
[Round "5"]
[White "copanchess"]
[Black "sjoerd893"]
[Result "0-1"]
[WhiteElo "2169"]
[BlackElo "2425"]
[TimeControl "180+1"]
[EndTime "14:57:14 PDT"]
[Termination "sjoerd893 won on time"]

1. e4 c5 2. d4 cxd4 3. c3 dxc3 4. Nxc3 Nc6 5. Nf3 e6 6. Bc4 a6 7. O-O Nge7 8. Bg5 f6 9. Be3 Ng6 10. Bb3 Bb4 11. Na4 O-O 12. Nb6 Rb8 13. Qd3 Ba5 14.
Nxc8 Rxc8 15. Rfd1 Nge5 16. Nxe5 Nxe5 17. Qd6 Rc6 18.
Qa3 b5 19. Rac1 Nc4 20. Bxc4 bxc4 21. Qa4 Qc7 22. a3 Rb8 23. Qc2 Bb6 24. Bd2 d5 25. exd5 exd5 26. Bc3 Rd8 27. Qf5 d4 28. Bb4 a5 29.
Bd2 c3 30. bxc3 dxc3 31. Bf4 Rxd1+ 32. Rxd1 c2 33. Rc1 Qc8 34. Qd5+ Qe6 35. Qd2 Qc4 36. h4 Bd4 37. Be3 Bb2 38. Qd8+ Kf7 39. Qd7+ Kg6 40. h5+ Kxh5 41. Qh3+ Kg6 42. Qg3+ Kf7 43. Qf3 Bxc1 44.
Bxc1 Qc3 45. Qe4 Qc5 46. g3 Rd6 47. Kg2 Qd5 0-1

[Event "Late-Titled-Tuesday-Blitz-September-05-2023"]
[Site "Chess.com"]
[Date "2023.09.05"]
[Round "5"]
[White "jamengrand"]
[Black "MFatigue"]
[Result "1-0"]
[WhiteElo "2366"]
[BlackElo "2502"]
[TimeControl "180+1"]
[EndTime "14:57:16 PDT"]
[Termination "jamengrand won by checkmate"]

1. e4 e6 2. d4 d5 3. Nc3 Nf6 4. e5 Nfd7 5. f4 c5 6. Nf3 Nc6 7. Be3 a6 8. a3 b5 9. Qd2 Qb6 10. Ne2 Bb7 11. c3 c4 12. f5 exf5 13. Nf4 Na5 14. Rd1 h6 15. e6 fxe6 16. Ng6 Rg8 17. Bf4 Bd6 18. Be2 O-O-O 19. Bxd6 Qxd6 20. O-O Nf8 21. Nge5 Qc7 22. Rde1 g5 23. h4 g4 24. Nh2 Qg7 25.
h5 Nc6 26. Bd1 Nxe5 27. Rxe5 Qg5 28. Qe1 g3 29. Nf3 Qxh5 30. a4 Bc6 31. axb5 axb5 32. Bc2 Bd7 33. Qa1 Kb7 34. Qa3 Ng6 35. Rfe1 Nh4 36. Bd1 Nxf3+ 37. Bxf3 Qh2+ 38. Kf1 h5 39. Rxe6 Bxe6 40. Rxe6 Qh1+ 41. Ke2 Rge8 42. Qa6+ Kb8 43. Qb6+ Kc8 44. Qc6+ Kb8 45. Rxe8 Rxe8+ 46. Qxe8+ Kc7 47. Qe7+ Kc8 48. Bxd5 Qg1 49. Qe8+ Kc7 50. Qc6+ Kd8 51.
Qd6+ Kc8 52. Be6+ Kb7 53. Qd7+ Kb6 54. Qd8+ Ka7 55. Qc7+ Ka6 56. Bc8# 1-0

[Event "Late-Titled-Tuesday-Blitz-September-05-2023"]
[Site "Chess.com"]
[Date "2023.09.05"]
[Round "5"]
[White "MajorCoast"]
[Black "Haykoooo0o"]
[Result "0-1"]
[WhiteElo "2287"]
[BlackElo "2483"]
[TimeControl "180+1"]
[EndTime "14:57:17 PDT"]
[Termination "Haykoooo0o won on time"]

1. d4 d5 2. Nf3 Nf6 3. c4 e6 4. g3 Be7 5. Bg2 O-O 6. O-O c6 7.
Qc2 b6 8. Nbd2 Ba6 9. b3 Nbd7 10.
Bb2 Rc8 11. Rac1 c5 12. Qb1 Re8 13. Rfe1 Bb7 14. Qa1 Ne4 15. Nxe4 dxe4 16. Nd2 e3 17. fxe3 Bxg2 18. Kxg2 Bf6 19. Ne4 Qc7 20. Nxf6+ Nxf6 21. dxc5 Qc6+ 22. Kg1 Qxc5 23. Bxf6 Qxe3+ 24. Kg2 Qe4+ 25. Kg1 gxf6 26. Qxf6 Red8 27. Qf3 Qxf3 28. exf3 Rd2 29. a4 Rd3 30. b4 Rd4 31. c5 Rxb4 32. cxb6 Rxc1 33.
Rxc1 axb6 34. Rc6 Kg7 35. Kg2 Rb2+ 36. Kh3 Kf6 37. f4 h5 38. Rd6 Ke7 39. Rd4 Ra2 40. Re4 Kf6 41. Rb4 Kg6 42. Rxb6 Rxa4 43. Kh4 Ra2 44.
h3 Rh2 45. Rb5 f6 46. Rc5 Rh1 47. Ra5 Rh2 48. Ra8 Kf5 49. Ra5+ e5 50. fxe5 fxe5 0-1

[Event "Late-Titled-Tuesday-Blitz-September-05-2023"]
[Site "Chess.com"]
[Date "2023.09.05"]
[Round "5"]
[White "Ducke13"]
[Black "JoakimVonAnd"]
[Result "0-1"]
[WhiteElo "2468"]
[BlackElo "2720"]
[TimeControl "180+1"]
[EndTime "14:57:18 PDT"]
[Termination "JoakimVonAnd won by checkmate"]

1. d4 d5 2. g3 e6 3. Nf3 b6 4. c4 dxc4 5. Bg2 Bb7 6. O-O Be7 7.
Nbd2 Nf6 8. Nxc4 Nbd7 9. b3 O-O 10. Bb2 c5 11. Rc1 Rc8 12. Nce5 Nxe5 13. dxe5 Nd5 14. Qc2 Qc7 15. Rfd1 Rfd8 16. Qb1 Nb4 17. a3 Nc6 18. Rxd8+ Rxd8 19. h4 h6 20. g4 Qd7 21. g5 hxg5 22.
hxg5 g6 23. e3 Qd3 24. Qxd3 Rxd3 25. Rc3 Rxc3 26. Bxc3 Nb8 27. Kh2 Nd7 28. Kg3 Kf8 29.
Kg4 c4 30. b4 b5 31. Ne1 Bxg2 32. Nxg2 Nb8 33. Nf4 a5 34. Ne2 axb4 35. axb4 Nc6 36.
f4 Nxb4 37. Nd4 Nd5 38. Nxb5 Nxe3+ 39. Kf3 Nd5 40. Ba5 Ke8 41. Ke4 Bc5 42. Nc3 Nxc3+ 43.
Bxc3 Kd7 44. Bd4 Kc6 45. Bc3 Kb5 46. Kf3 Ka4 47. Ke2 Kb3 48. Kd2 Be3+ 49. Kxe3 Kxc3 50.
Ke2 Kb2 51. Ke3 c3 52. Kd4 c2 53. Kc5 c1=Q+ 54. Kd6 Qxf4 55. Ke7 Qxg5+ 56. Kxf7 Qxe5 57. Kxg6 Qf5+ 58. Kh6 e5 59. Kg7 e4 60. Kh6 e3 61.
Kg7 e2 62. Kh6 e1=Q 63. Kg7 Qg3+ 64. Kh8 Qfh3# 0-1

[Event "Late-Titled-Tuesday-Blitz-September-05-2023"]
[Site "Chess.com"]
[Date "2023.09.05"]
[Round "5"]
[White "Quattroporte300"]
[Black "Perdomov"]
[Result "1-0"]
[WhiteElo "2395"]
[BlackElo "2177"]
[TimeControl "180+1"]
[EndTime "14:57:19 PDT"]
[Termination "Quattroporte300 won by checkmate"]

1. e4 c5 2. Nf3 e6 3. g3 d6 4.
Bg2 Nf6 5. Nc3 Be7 6. O-O O-O 7.
d4 cxd4 8. Nxd4 a6 9. a4 Ra7 10. Be3 b6 11. a5 Nfd7 12. Qd2 Ne5 13. axb6 Rb7 14. Na4 Nc4 15. Qe2 Nxe3 16. Qxe3 Nd7 17. Nc6 Qe8 18. c4 Bf6 19. Rad1 Nxb6 20. Nxb6 Qxc6 21.
e5 Qxb6 22. Bxb7 Qxe3 23. fxe3 Bg5 24. Bxc8 Bxe3+ 25. Kg2 Rxc8 26. exd6 Bc5 27. d7 Rd8 28. Rf3 a5 29. Rfd3 Kf8 30. Ra1 Bb4 31. Rc1 Ke7 32. c5 Rxd7 33. Rxd7+ Kxd7 34. c6+ Kc7 35. Kf3 f6 36.
Ke4 Bd6 37. b3 Bb4 38. g4 g6 39. h4 Bd6 40. h5 f5+ 41. gxf5 exf5+ 42. Kd5 g5 43.
Re1 f4 44. Re6 Bf8 45. Rf6 Bb4 46. Rf7+ Kc8 47. Rxh7 f3 48. Rf7 g4 49. h6 a4 50.
bxa4 g3 51. h7 g2 52. h8=Q+ Bf8 53. Qxf8# 1-0

[Event "Late-Titled-Tuesday-Blitz-September-05-2023"]
[Site "Chess.com"]
[Date "2023.09.05"]
[Round "5"]
[White "subham777"]
[Black "NovikovaGalina"]
[Result "1-0"]
[WhiteElo "2546"]
[BlackElo "2408"]
[TimeControl "180+1"]
[EndTime "14:57:20 PDT"]
[Termination "subham777 won by resignation"]

1. e4 e6 2. Nf3 d5 3. Nc3 Nf6 4. e5 Nfd7 5. d4 c5 6. dxc5 Bxc5 7. Bd3 Nc6 8. Bf4 Be7 9. h4 h6 10. Qe2 Nc5 11. h5 Nxd3+ 12. cxd3 b6 13. O-O-O Ba6 14.
Kb1 Rc8 15. Rh3 Bb4 16. Bd2 Bf8 17. g4 Nb4 18. Ne1 Qd7 19. a3 Nc6 20. f4 Nd4 21. Qf2 Nb3 22. d4 Nxd2+ 23. Qxd2 b5 24. Na2 Rc4 25.
b3 Rc8 26. Nb4 Bxb4 27. axb4 Rc6 28. Nd3 f6 29. Nc5 Qe7 30. Re3 O-O 31. Rde1 Bc8 32. Kb2 fxe5 33. Rxe5 Qh4 34. g5 Qxh5 35. Nxe6 Bxe6 36.
Rxe6 Rxe6 37. Rxe6 Qf7 38. Re5 Qxf4 39. Qxf4 Rxf4 40.
gxh6 Rxd4 41. hxg7 Kxg7 42. Re7+ Kf6 43. Rxa7 Rxb4 44.
Rb7 d4 45. Ka3 Rc4 46. bxc4 bxc4 47. Kb4 d3 48. Kxc4 d2 49. Rd7 d1=Q 50. Rxd1 1-0

[Event "Late-Titled-Tuesday-Blitz-September-05-2023"]
[Site "Chess.com"]
[Date "2023.09.05"]
[Round "5"]
[White "crazy_but_lazy"]
[Black "Noki102"]
[Result "1-0"]
[WhiteElo "2602"]
[BlackElo "2446"]
[TimeControl "180+1"]
[EndTime "14:57:21 PDT"]
[Termination "crazy_but_lazy won on time"]

1. c4 e6 2. g3 d5 3. Nf3 Nf6 4.
Bg2 c6 5. O-O Nbd7 6. b3 Bd6 7.
Bb2 O-O 8. d4 a5 9. a3 a4 10. b4 dxc4 11. Nbd2 b5 12. e4 Be7 13. Qc2 Qc7 14. h4 Ng4 15. e5 f5 16. exf6 Ndxf6 17. Rae1 Nd5 18. Ne4 h6 19. Bc1 Bd7 20. Nc5 Bxc5 21.
dxc5 e5 22. Nd2 Rf7 23. Ne4 Raf8 24. f3 Ngf6 25. Nd6 Re7 26. Bb2 Nh5 27. Kh2 Qd8 28.
Bxe5 Rxe5 29. Rxe5 Rf4 30. Rxh5 Ne3 31. Qe2 Nxf1+ 32.
Bxf1 Rd4 33. Re5 c3 34. Qe3 c2 35. Re7 Qxe7 36. Qxe7 c1=Q 37. Qxd7 Qb2+ 38. Bg2 Rd2 39. Qc8+ Kh7 40. Qf5+ Kg8 41. Qf7+ Kh8 42. Qf8+ Kh7 43.
Qf5+ Kh8 44. Qh3 Qxa3 45. h5 Qb2 46. Nf7+ Kg8 47. Nd6 a3 48. Qe6+ Kh7 49. Qg6+ Kg8 50. Qe8+ Kh7 51. Qe4+ Kg8 52. Qe6+ Kh7 53. Kh3 a2 54. Qg6+ Kg8 55. Qe8+ Kh7 56. Nf7 1-0

[Event "Late-Titled-Tuesday-Blitz-September-05-2023"]
[Site "Chess.com"]
[Date "2023.09.05"]
[Round "5"]
[White "AleksanderHnydiuk"]
[Black "Taran2004"]
[Result "0-1"]
[WhiteElo "2523"]
[BlackElo "2407"]
[TimeControl "180+1"]
[EndTime "14:57:21 PDT"]
[Termination "Taran2004 won on time"]

1. d4 Nf6 2. c4 c5 3. d5 b5 4. cxb5 a6 5. bxa6 d6 6. Nc3 g6 7. a7 Rxa7 8. e4 Bg7 9. Nf3 O-O 10. Be2 Qa5 11. Bd2 Qb6 12. O-O Ba6 13. Bxa6 Nxa6 14.
a4 Rb8 15. Qe2 Nb4 16. Nb5 Raa8 17. b3 Na6 18. Rac1 Ne8 19. Bc3 Nec7 20. Bxg7 Kxg7 21. Nxc7 Nxc7 22. Nd2 Qa6 23. Qe3 Rb4 24. f4 Rab8 25. Qc3+ f6 26. Rce1 Qb6 27. Kh1 Rd4 28. h3 Qb4 29.
Qg3 Qxd2 30. e5 Nxd5 31. exf6+ exf6 32. Re6 Rxf4 33. Rfe1 Rbb4 34. Rxd6 Rbd4 35. Rd7+ Kf8 36.
Rd8+ Kg7 37. Rd7+ Kh6 38. a5 Qxa5 39. Rxd5 Qxe1+ 40. Qxe1 Rxd5 41. Qe3 g5 42. Qe7 Kg6 43. Qe8+ Kf5 44. Qf7 Rd1+ 45. Kh2 Rff1 46. Qxh7+ Kf4 47. Qc7+ Ke3 48. Qxc5+ Ke4 49. Qc4+ Ke5 50. Qc3+ Kf5 51. Qc2+ Ke6 52. Qc4+ Ke7 53. Qc7+ Kf8 54. Qc8+ Kg7 55. Qc7+ Kh6 56. Qc3 Kh5 57. b4 Rc1 58. Qd3 f5 0-1

[Event "Late-Titled-Tuesday-Blitz-September-05-2023"]
[Site "Chess.com"]
[Date "2023.09.05"]
[Round "5"]
[White "in_shambles"]
[Black "AsaHoffmann"]
[Result "1-0"]
[WhiteElo "2127"]
[BlackElo "2345"]
[TimeControl "180+1"]
[EndTime "14:57:21 PDT"]
[Termination "in_shambles won by resignation"]

1. d3 Nf6 2. Nc3 e5 3. g3 d5 4. Bg2 c6 5. Nf3 Bd6 6. O-O O-O 7. e4 d4 8. Ne2 c5 9. c3 Nc6 10. Ne1 Ne8 11. f4 f6 12. Qc2 Nc7 13. Nf3 Qe8 14.
a3 a5 15. a4 Qh5 16. Rf2 Bg4 17.
Qb3+ Qf7 18. Qc2 Rfc8 19. Bd2 Rab8 20. fxe5 Bxe5 21. cxd4 Bxf3 22. dxe5 Bxe2 23. exf6 Bh5 24. fxg7 Qxg7 25. Qxc5 Bf7 26. Bc3 Ne6 27. Qf5 Qg6 28. Qf3 Ncd4 29. Qe3 Rd8 30. Raf1 Rd7 31. Bh3 Re8 32.
Bxd4 Rxd4 33. Bxe6 Rxe6 34. Qxd4 Re7 35. Qd8+ Re8 36. Qd4 Re7 37. Rf6 Qg4 38. Qd8+ Re8 39. Qd6 Re6 40. Qd7 Rxf6 41. Qd8+ Kg7 42. Qxf6+ Kg8 43.
Qxf7+ Kh8 44. Qf8+ Qg8 45. Qxg8+ Kxg8 46. Rf5 Kg7 47.
Rb5 Kf6 48. Rxb7 Ke6 49. Rb5 Kd6 50. Rxa5 Kc6 51. Rb5 Kc7 52. e5 Kc6 53. Rb3 Kd5 54. a5 Kxe5 55. a6 Kd4 56. a7 Ke3 57. a8=Q Kd2 58.
d4 Kc2 59. Rb6 1-0

[Event "Late-Titled-Tuesday-Blitz-September-05-2023"]
[Site "Chess.com"]
[Date "2023.09.05"]
[Round "5"]
[White "PabloZarnicki"]
[Black "Francisco_Ferrari"]
[Result "1/2-1/2"]
[WhiteElo "2535"]
[BlackElo "2159"]
[TimeControl "180+1"]
[EndTime "14:57:23 PDT"]
[Termination "Game drawn by repetition"]

1. e4 c5 2. Nf3 d6 3. Bb5+ Bd7 4. Bxd7+ Nxd7 5. c4 e5 6. Nc3 Ngf6 7. O-O g6 8. d3 Bg7 9. a3 a6 10. Bg5 h6 11.
Bxf6 Nxf6 12. Nd2 O-O 13. b4 Nd7 14. Rb1 f5 15. Nd5 f4 16. Qg4 Qe8 17. Nc7 Nf6 18.
Nxe8 Nxg4 19. Nxd6 cxb4 20. axb4 Rfd8 21. c5 a5 22. b5 Bf8 23. N2c4 Bxd6 24. cxd6 a4 25. Rfc1 Rac8 26. Ra1 Rc5 27. Rcb1 Ra8 28. Nb6 Rd8 29. d7 Nf6 30. Rxa4 Nxd7 31. Nd5 Kf7 32. Ra7 Rdc8 33. h3 Rc1+ 34. Rxc1 Rxc1+ 35. Kh2 Ke6 36. Rxb7 Nc5 37. Rb6+ Kd7 38. Rc6 Nxd3 39. Rxc1 Nxc1 40. h4 Nd3 41. f3 Kd6 42. g3 g5 43. hxg5 hxg5 44. Kh3 Nf2+ 45. Kg2 Nd3 46. b6 Kc6 47. gxf4 Nxf4+ 48. Kg3 Nxd5 49. exd5+ Kxb6 50. Kg4 Kc5 51. Kxg5 Kxd5 52. Kf5 Kd4 53. Kg4 Ke3 54. Kg3 Ke2 55. Kg4 Ke3 56. Kg3 Ke2 57. Kg2 Ke3 58. Kg3 1/2-1/2

[Event "Late-Titled-Tuesday-Blitz-September-05-2023"]
[Site "Chess.com"]
[Date "2023.09.05"]
[Round "5"]
[White "Fengwi"]
[Black "ninguno46"]
[Result "0-1"]
[WhiteElo "2429"]
[BlackElo "2605"]
[TimeControl "180+1"]
[EndTime "14:57:23 PDT"]
[Termination "ninguno46 won by resignation"]

1. Nf3 d5 2. b3 Nf6 3. Bb2 Bf5 4. g3 e6 5. Bg2 Be7 6. O-O h6 7. d3 O-O 8. Nbd2 Bh7 9. c4 c5 10. cxd5 exd5 11. d4 Nc6 12. dxc5 Bxc5 13. a3 a5 14. Rc1 Bb6 15. Nb1 d4 16. Nbd2 Re8 17.
Nc4 Ba7 18. a4 Re7 19. Ba3 Re6 20. Ne1 Ne4 21. Bb2 Qe8 22. Nd3 Rd8 23. Nf4 Re7 24.
Qe1 Nc5 25. Nxa5 Nxa5 26. Qxa5 b6 27. Qb4 Bb8 28. a5 Bxf4 29. gxf4 Rxe2 30. Bxd4 Nd3 31. Qxb6 Nxc1 32. Rxc1 Re1+ 33. Rxe1 Qxe1+ 34. Bf1 Re8 35. Qb5 Qe4 36. Be3 Bf5 37. a6 Bc8 38. a7 Bb7 39.
Qxb7 Qxb7 40. Bg2 Qxb3 41. a8=Q Rxa8 42. Bxa8 Qd1+ 43. Kg2 f5 44. Bf3 Qc2 45. h4 Kh7 46. h5 g6 47. hxg6+ Kxg6 48. Kg3 h5 49. Bg2 Qc7 50. Bh3 Qe7 51. Kg2 Qh4 52. Kh2 Qf6 53. Kg2 Qb2 54. Kh2 h4 55. Kg2 Qc2 56. Kh2 Qd1 57. Kg2 Kf6 58. Bc5 Qd5+ 0-1

[Event "Late-Titled-Tuesday-Blitz-September-05-2023"]
[Site "Chess.com"]
[Date "2023.09.05"]
[Round "5"]
[White "KrokerGuy"]
[Black "PapaieDudu"]
[Result "1-0"]
[WhiteElo "2490"]
[BlackElo "2294"]
[TimeControl "180+1"]
[EndTime "14:57:23 PDT"]
[Termination "KrokerGuy won by checkmate"]

1. e4 c5 2. Nf3 d6 3. d4 cxd4 4. Nxd4 Nf6 5. Nc3 a6 6. Bg5 e6 7.
f4 Nbd7 8. Qe2 Qc7 9. O-O-O b5 10. a3 Bb7 11. g4 Rc8 12. Kb1 Be7 13. Rg1 h6 14. Bh4 d5 15. exd5 Nxd5 16. Nxd5 Bxd5 17. Bxe7 Kxe7 18. Nxb5 Qc5 19. Nd4 Rb8 20. Rg3 Nb6 21. Nb3 Qc7 22. f5 Rhc8 23. Rc3 Qd6 24. Rxc8 Rxc8 25.
fxe6 fxe6 26. h4 Nc4 27. g5 hxg5 28. hxg5 Kf8 29. Bg2 Qc6 30. Bxd5 exd5 31. Qf3+ Kg8 32. Qxd5+ Qxd5 33. Rxd5 Ne3 34. Rc5 Rd8 35. Rc6 Rd1+ 36. Ka2 a5 37. Nxa5 Nd5 38. b4 Rd2 39. Kb2 Rg2 40. g6 Ne7 41. Rc7 Nxg6 42. b5 Ne5 43. b6 Nd3+ 44. Kc3 Ne5 45. b7 Rg3+ 46. Kd4 Nf3+ 47.
Ke4 Ng5+ 48. Kf4 Ne6+ 49. Kxg3 Nxc7 50. b8=Q+ Ne8 51. Qxe8+ Kh7 52. Kg4 Kh6 53. Qh5# 1-0